[Event "23rd Int. Tournament "]
[Site "?"]
[Date "2015.08.27"]
[Round "1.1"]
[White "Fatourou, Eleni"]
[Black "Kapnisis, Spyridon"]
[Result "0-1"]
[ECO "B40"]
[WhiteElo "1816"]
[BlackElo "2455"]
[PlyCount "50"]
[EventDate "2015.08.27"]
[TimeControl "120+17"]
[WhiteClock "0:00:08"]
[BlackClock "0:00:27"]

1. e4 c5 2. Nf3 e6 3. d4 cxd4 4. Nxd4 Nc6 5. Nxc6 bxc6 6. Bd3 Nf6 7. O-O d5 8.
exd5 cxd5 9. Nc3 Be7 10. Bf4 O-O 11. Nb5 Bb7 12. c4 dxc4 13. Bxc4 Qb6 14. Qe2
Rac8 15. b3 Bc5 16. Be3 a6 17. Nc3 Qc6 18. f3 Ng4 19. Bxc5 Qxc5+ 20. Kh1 Ne3
21. Na4 Qd4 22. Rfc1 Rfd8 23. Rab1 Qf4 24. Bxa6 Rxc1+ 25. Rxc1 Ng4 0-1

[Event "23rd Int. Tournament "]
[Site "?"]
[Date "2015.08.27"]
[Round "1.2"]
[White "Nikolaou, Georgios"]
[Black "Loutragotis, Dimitrios"]
[Result "1-0"]
[ECO "E65"]
[WhiteElo "2317"]
[BlackElo "1809"]
[PlyCount "139"]
[EventDate "2015.08.27"]
[TimeControl "120+47"]
[WhiteClock "0:00:02"]
[BlackClock "0:00:04"]

1. d4 Nf6 2. c4 g6 3. Nf3 Bg7 4. g3 d6 5. Bg2 Nbd7 6. O-O O-O 7. Nc3 c5 8. h3
h6 9. b3 Rb8 10. e4 cxd4 11. Nxd4 a6 12. Be3 Qc7 13. Rc1 e6 14. Qd2 Kh7 15.
Rfd1 b6 16. f4 Bb7 17. Nde2 Ne8 18. g4 Rg8 19. Ng3 Rd8 20. Qf2 Rb8 21. Nge2
Nef6 22. g5 Ne8 23. h4 Ba8 24. Ng3 Rh8 25. Bf3 Qb7 26. Kg2 Qc6 27. Nce2 Qb7 28.
Rd2 Qc7 29. h5 hxg5 30. hxg6+ fxg6 31. Nd4 gxf4 32. Bxf4 Bxd4 33. Qxd4 e5 34.
Rh1+ Kg7 35. Qb2 Nef6 36. Bg5 Rxh1 37. Kxh1 Nc5 38. Rh2 Ncxe4 39. Nxe4 Nxe4 40.
Bh6+ Kf7 41. Be3 Nf6 42. Bxa8 Rxa8 43. Qg2 Rb8 44. Qf3 Ke6 45. Qh3+ Kf7 46.
Qh7+ Nxh7 47. Rxh7+ Ke6 48. Rxc7 b5 49. c5 d5 50. Rc6+ Kf5 51. Kg2 d4 52. Bf2
Rd8 53. Kf1 e4 54. Rd6 Rxd6 55. cxd6 Ke6 56. Bxd4 Kxd6 57. Ke2 a5 58. Ke3 Kd5
59. Bf6 a4 60. Bd8 Ke5 61. Be7 Kd5 62. Bf6 axb3 63. axb3 Kc5 64. Bc3 Kd5 65.
Kf4 g5+ 66. Kxg5 b4 67. Bxb4 Kd4 68. Kf4 Kd3 69. Be1 Ke2 70. Kxe4 1-0

[Event "23rd Int. Tournament "]
[Site "?"]
[Date "2015.08.27"]
[Round "1.3"]
[White "Chalikias, Miltiadis"]
[Black "Kotrotsos, Vasilios"]
[Result "0-1"]
[ECO "B22"]
[WhiteElo "1792"]
[BlackElo "2273"]
[PlyCount "60"]
[EventDate "2015.08.27"]
[TimeControl "120+26"]
[WhiteClock "0:00:23"]
[BlackClock "0:00:37"]

1. e4 c5 2. c3 d5 3. exd5 Qxd5 4. d4 Nf6 5. Nf3 e6 6. Be2 Bd7 7. Na3 cxd4 8. c4
Qa5+ 9. Bd2 Qb6 10. Rb1 a5 11. Nb5 Bxb5 12. cxb5 Nbd7 13. Bf4 Bb4+ 14. Kf1 Nd5
15. Bg3 Bc5 16. h4 O-O 17. h5 Rfe8 18. Bc4 N5f6 19. h6 g6 20. Ng5 Bd6 21. Bxd6
Qxd6 22. Rh4 Qc5 23. Qc1 Rac8 24. b3 Nd5 25. Qd2 e5 26. Qxa5 N7b6 27. Bxd5 Nxd5
28. Ne4 Qe7 29. Rh3 f5 30. b6 Nf4 0-1

[Event "23rd Int. Tournament "]
[Site "?"]
[Date "2015.08.27"]
[Round "1.4"]
[White "Simeonidis, Ioannis"]
[Black "Karathanasis, Vlasis"]
[Result "1-0"]
[ECO "E01"]
[WhiteElo "2266"]
[BlackElo "1789"]
[PlyCount "133"]
[EventDate "2015.08.27"]
[TimeControl "120+14"]
[WhiteClock "0:00:05"]
[BlackClock "0:00:00"]

1. d4 Nf6 2. c4 e6 3. g3 Bb4+ 4. Nd2 d5 5. Bg2 Bd7 6. Qc2 Bc6 7. Ngf3 Nbd7 8.
O-O Bxd2 9. Bxd2 a5 10. Rac1 O-O 11. Rfd1 Ne4 12. Bf4 Rc8 13. b3 Qe7 14. Nd2 f5
15. Nf3 g5 16. Bd2 Ra8 17. Be1 h6 18. Nd2 Nxd2 19. Bxd2 Kg7 20. e3 Nf6 21. cxd5
exd5 22. Qxf5 Ne4 23. Qe5+ Qxe5 24. dxe5 Nxf2 25. Rf1 Nd3 26. Rcd1 Rxf1+ 27.
Rxf1 Rf8 28. Bxa5 Rxf1+ 29. Bxf1 Nxe5 30. Bxc7 Nf3+ 31. Kg2 Nd2 32. Bd3 Ne4 33.
Be5+ Kg6 34. Kf3 Kf5 35. Bd4 h5 36. a4 Ke6 37. Ke2 Kf5 38. Kf3 Ke6 39. Bc2 Nd2+
40. Ke2 Ne4 41. b4 Be8 42. b5 Nd6 43. Kd2 Ne4+ 44. Ke2 g4 45. Bd3 Ng5 46. a5
Kd6 47. a6 bxa6 48. bxa6 Kc7 49. a7 Kb7 50. Ba6+ Ka8 51. Bb6 Nf3 52. h4 Ne5 53.
Bc5 Bd7 54. Kd2 Nc4+ 55. Kc3 Be6 56. Kd4 Na5 57. Ke5 Bg8 58. Bb5 Kb7 59. Kf6 d4
60. exd4 Bd5 61. Kg6 Nb3 62. Kxh5 Bf3 63. Kg5 Nd2 64. Kf4 Bd5 65. Kxg4 Ne4 66.
Kf4 Nf2 67. g4 1-0

[Event "23rd Int. Tournament "]
[Site "?"]
[Date "2015.08.27"]
[Round "1.5"]
[White "Chatzieleftheriou, Andreas"]
[Black "Drakoulakos, Grigorios"]
[Result "0-1"]
[ECO "B38"]
[WhiteElo "1782"]
[BlackElo "2233"]
[PlyCount "84"]
[EventDate "2015.08.27"]
[TimeControl "120+26"]
[WhiteClock "0:00:54"]
[BlackClock "0:00:18"]

1. e4 c5 2. c4 Nc6 3. Nf3 g6 4. d4 cxd4 5. Nxd4 Bg7 6. Be3 Nf6 7. Nc3 d6 8. Be2
O-O 9. O-O Bd7 10. f3 Nxd4 11. Bxd4 Bc6 12. Qd2 Nd7 13. Bxg7 Kxg7 14. Qd4+ Kg8
15. Rac1 Qb6 16. Qxb6 Nxb6 17. Nd5 Bxd5 18. cxd5 Rac8 19. b3 Kg7 20. Rfe1 f5
21. h3 f4 22. Kf2 Kf6 23. Red1 Ke5 24. Ke1 g5 25. Kd2 Nd7 26. Bc4 Nf6 27. Rc2
Rc7 28. Rdc1 Rfc8 29. Be2 Rxc2+ 30. Rxc2 Rxc2+ 31. Kxc2 Kd4 32. Kd2 a6 33. Bd1
h5 34. Be2 g4 35. hxg4 hxg4 36. Bc4 gxf3 37. gxf3 Nh7 38. Bd3 Ng5 39. Be2 Nh3
40. a3 Ng1 41. Bd1 b6 42. a4 a5 0-1

[Event "23rd Int. Tournament "]
[Site "?"]
[Date "2015.08.27"]
[Round "1.6"]
[White "Karagiannis, Athanasios"]
[Black "Panagiotakos, Petros"]
[Result "1-0"]
[ECO "C13"]
[WhiteElo "2232"]
[BlackElo "1775"]
[PlyCount "109"]
[EventDate "2015.08.27"]
[TimeControl "120+11"]
[WhiteClock "0:01:19"]
[BlackClock "0:00:01"]

1. d4 Nf6 2. Nc3 d5 3. Bg5 e6 4. e4 dxe4 5. Nxe4 Be7 6. Bxf6 Bxf6 7. Nf3 Nd7 8.
Bd3 b6 9. Qe2 Bb7 10. O-O-O Qe7 11. Kb1 g6 12. h4 O-O-O 13. Ba6 Kb8 14. Bxb7
Kxb7 15. Nfg5 h6 16. Nxf6 Nxf6 17. Ne4 Nxe4 18. Qxe4+ Kb8 19. h5 Qf6 20. hxg6
Qxg6 21. Qxg6 fxg6 22. c3 h5 23. Rde1 Rd6 24. Re5 Rf8 25. f3 Kc8 26. Rg5 Rf6
27. Rh3 Rd5 28. Rhg3 Rxg5 29. Rxg5 Kd7 30. Kc2 Ke7 31. Kd3 Kf7 32. Ke4 Kg7 33.
a4 Kf7 34. b4 Ke7 35. c4 Kd6 36. c5+ Ke7 37. Ke5 Kf7 38. cxb6 cxb6 39. Kd6 Rf4
40. Ke5 Rf6 41. Ke4 Ke7 42. f4 Kd6 43. Rg3 a6 44. Rc3 Rf8 45. b5 axb5 46. axb5
g5 47. Rc6+ Kd7 48. g3 h4 49. fxg5 hxg3 50. Rc3 Rg8 51. Rxg3 Kd6 52. g6 Rg7 53.
Rg1 Rg8 54. g7 Ke7 55. Ke5 1-0

[Event "23rd Int. Tournament "]
[Site "?"]
[Date "2015.08.27"]
[Round "1.7"]
[White "Merasedoglou, Dimitrios - Nekt"]
[Black "Markantonaki, Haritomeni"]
[Result "1-0"]
[ECO "A47"]
[WhiteElo "1773"]
[BlackElo "2228"]
[PlyCount "177"]
[EventDate "2015.08.27"]
[TimeControl "120+13"]
[WhiteClock "0:00:03"]
[BlackClock "0:00:02"]

1. d4 Nf6 2. Bf4 e6 3. Nf3 b6 4. e3 Bb7 5. Bd3 c5 6. c3 Be7 7. h3 O-O 8. O-O d6
9. Nbd2 Nbd7 10. Qc2 Rc8 11. Ne4 Qc7 12. dxc5 bxc5 13. Rac1 e5 14. Bh2 c4 15.
Nxf6+ Nxf6 16. Be2 Ne4 17. Nd2 Nxd2 18. Qxd2 f5 19. Rfd1 Rf6 20. Bf3 Bxf3 21.
gxf3 Kh8 22. f4 e4 23. Qd5 Qb6 24. Rc2 Rc5 25. Qd2 Qb8 26. Qe2 Qe8 27. Rd4 Qf7
28. Bg3 Rh6 29. Kg2 d5 30. b3 cxb3 31. axb3 Rhc6 32. c4 dxc4 33. Rdxc4 Rxc4 34.
Rxc4 Rxc4 35. bxc4 h6 36. f3 exf3+ 37. Kxf3 Qh5+ 38. Kf2 Qxh3 39. Qd3 h5 40.
Qd7 Bf6 41. e4 Qg4 42. e5 Bh4 43. Bxh4 Qxh4+ 44. Kf3 Qg4+ 45. Ke3 Qg3+ 46. Ke2
Qg2+ 47. Kd3 Qf1+ 48. Kc3 Qa1+ 49. Kb4 Qb2+ 50. Kc5 Qa3+ 51. Kd5 Qa5+ 52. Ke6
Qa6+ 53. Kf7 Kh7 54. Qxf5+ g6 55. Qf6 Qxc4+ 56. e6 Qc7+ 57. e7 Qc4+ 58. Qe6
Qxf4+ 59. Ke8 Qb8+ 60. Kd7 Qb5+ 61. Qc6 Qf5+ 62. Kd8 Qg5 63. Qd7 Kh6 64. Kc8
Qc5+ 65. Kb8 Qe5+ 66. Ka8 Qe4+ 67. Qb7 Qe5 68. Qd7 Qe4+ 69. Kb8 Qe5+ 70. Kc8
Qc5+ 71. Kd8 Qg5 72. Qd4 Kh7 73. Qd7 Kh6 74. Qe6 h4 75. Qg8 Qd2+ 76. Ke8 Qe3
77. Kf8 Qc5 78. Qg7+ Kh5 79. Kg8 Qc8+ 80. Kh7 h3 81. Qxg6+ Kh4 82. e8=Q Qxe8
83. Qxe8 Kg3 84. Qe4 Kh2 85. Qg4 a5 86. Kg6 a4 87. Kf5 a3 88. Kf4 a2 89. Qg3+
1-0

[Event "23rd Int. Tournament "]
[Site "?"]
[Date "2015.08.27"]
[Round "1.8"]
[White "Tsiros, Fragkiskos Vlasios"]
[Black "Panagos, Theodoros"]
[Result "1-0"]
[ECO "E18"]
[WhiteElo "2216"]
[BlackElo "1773"]
[PlyCount "113"]
[EventDate "2015.08.27"]
[TimeControl "120+23"]
[WhiteClock "0:00:34"]
[BlackClock "0:00:00"]

1. Nf3 Nf6 2. c4 e6 3. g3 b6 4. Bg2 Bb7 5. O-O Be7 6. d4 O-O 7. Nc3 d5 8. cxd5
Nxd5 9. Qc2 Nd7 10. Nxd5 Bxd5 11. e4 Bb7 12. Rd1 c6 13. Bf4 a5 14. Rac1 a4 15.
d5 cxd5 16. Qc7 Qc8 17. Ne5 Rd8 18. Qxc8 Raxc8 19. Rxc8 Bxc8 20. Nc6 Re8 21.
exd5 Bf6 22. d6 Bxb2 23. Ne7+ Kf8 24. Bc6 Rxe7 25. dxe7+ Kxe7 26. Bd6+ Kf6 27.
f4 a3 28. Bxd7 Bxd7 29. Be5+ Bxe5 30. fxe5+ Ke7 31. Rd3 f6 32. exf6+ gxf6 33.
Rxa3 e5 34. Kf2 b5 35. Ra7 Kd6 36. a3 h5 37. Ke3 f5 38. Ra8 Be6 39. Rh8 Bf7 40.
Rh6+ Ke7 41. Rc6 Be8 42. Rc7+ Kd6 43. Rb7 Bd7 44. Rb8 Ke7 45. Rh8 Be8 46. h3
Bf7 47. Rh6 Be8 48. Kd3 Bf7 49. Kc3 Be8 50. Kb4 f4 51. gxf4 exf4 52. Kc3 f3 53.
Kd2 Kf7 54. Rxh5 Kg6 55. Rc5 Bd7 56. h4 Bh3 57. Ke3 1-0

[Event "23rd Int. Tournament "]
[Site "?"]
[Date "2015.08.27"]
[Round "1.9"]
[White "Malliaros, Stavros"]
[Black "Zygouris, Hristos"]
[Result "0-1"]
[ECO "A85"]
[WhiteElo "1773"]
[BlackElo "2210"]
[PlyCount "92"]
[EventDate "2015.08.27"]
[TimeControl "120+68"]
[WhiteClock "0:00:07"]

1. d4 f5 2. Bg5 g6 3. e3 Bg7 4. Nf3 Nf6 5. Bd3 d6 6. c4 O-O 7. Nc3 c6 8. Qb3
Kh8 9. h4 h6 10. Bf4 Ng4 11. Qc2 e5 12. dxe5 dxe5 13. Bg3 e4 14. Nxe4 fxe4 15.
Bxe4 Bf5 16. Rd1 Qa5+ 17. Kf1 Na6 18. h5 Nb4 19. Qb1 Qxa2 20. Bxf5 gxf5 21.
Qxa2 Nxa2 22. Ra1 Nb4 23. Bd6 Nc2 24. Rc1 Rfd8 25. Bc7 Rd7 26. Ba5 Ncxe3+ 27.
fxe3 Nxe3+ 28. Kf2 Ng4+ 29. Kg3 Bxb2 30. Rcd1 Rf7 31. Rhe1 Rg8 32. Rd2 Ne3+ 33.
Kh2 Nxc4 34. Rxb2 Nxa5 35. Ne5 Rc7 36. Ng6+ Kg7 37. Rf2 Rf7 38. Re6 Nb3 39. Ne7
Rgf8 40. Rg6+ Kh7 41. Re6 Nc5 42. Re3 Ne4 43. Rxf5 Rxf5 44. Nxf5 Rxf5 45. Rxe4
Rxh5+ 46. Kg3 Rb5 0-1

[Event "23rd Int. Tournament "]
[Site "?"]
[Date "2015.08.27"]
[Round "1.10"]
[White "Kordis, Konstantinos"]
[Black "Alexakis, Dimitris"]
[Result "0-1"]
[ECO "B50"]
[WhiteElo "2205"]
[BlackElo "1771"]
[PlyCount "76"]
[EventDate "2015.08.27"]
[TimeControl "120+22"]
[WhiteClock "0:00:02"]
[BlackClock "0:00:01"]

1. e4 c5 2. Nf3 d6 3. b3 Nc6 4. Bb5 Bd7 5. O-O a6 6. Bxc6 Bxc6 7. Qe2 e5 8. d3
g6 9. Bb2 Bg7 10. Nfd2 Ne7 11. f4 O-O 12. fxe5 dxe5 13. Nf3 Qc7 14. Nbd2 Bd7
15. Nc4 f6 16. Ne3 Be6 17. c4 b6 18. Nd5 Bxd5 19. cxd5 Nc8 20. Rac1 Qb7 21. b4
cxb4 22. d4 Qe7 23. Rc6 Nd6 24. dxe5 fxe5 25. Rfc1 Rfc8 26. Qe3 b5 27. Qc5 Rxc6
28. Qxc6 Rc8 29. Qxa6 Rxc1+ 30. Bxc1 Qc7 31. Be3 Nxe4 32. Qa8+ Bf8 33. Qe8 Nf6
34. Qe6+ Qf7 35. Qc6 Kg7 36. Bg5 Ne4 37. d6 Qa7+ 38. Kh1 Nf2+ 0-1

[Event "23rd Int. Tournament "]
[Site "?"]
[Date "2015.08.27"]
[Round "1.11"]
[White "Pasoglou, Ekaterini"]
[Black "Alexakis, Dimitrios"]
[Result "0-1"]
[ECO "B51"]
[WhiteElo "1769"]
[BlackElo "2197"]
[PlyCount "88"]
[EventDate "2015.08.27"]
[TimeControl "120+252"]
[WhiteClock "0:00:09"]
[BlackClock "0:00:08"]

1. e4 c5 2. Nf3 Nc6 3. Bb5 d6 4. O-O Bd7 5. c3 a6 6. Bd3 Bg4 7. Be2 Nf6 8. d3
e6 9. Re1 Be7 10. Nbd2 O-O 11. Nf1 Rc8 12. Ng3 d5 13. h3 Bxf3 14. Bxf3 dxe4 15.
dxe4 Qc7 16. Qc2 Rfd8 17. Be3 b5 18. Red1 c4 19. Rxd8+ Rxd8 20. Rd1 Nd7 21. Be2
Nc5 22. Bxc5 Bxc5 23. Rxd8+ Qxd8 24. b3 Ne5 25. bxc4 bxc4 26. Qa4 Qd2 27. Qxa6
Qe1+ 28. Kh2 Qxf2 29. Qc8+ Bf8 30. Qd8 g6 31. a4 Kg7 32. Qd1 Bc5 33. Qf1 Qe3
34. a5 Nd3 35. a6 h5 36. e5 Nxe5 37. Bxh5 gxh5 38. Nxh5+ Kf8 39. Nf4 Ke7 40.
Nh5 Bd6 41. Kh1 f5 42. Qb1 Nd7 43. Ng7 Qg3 44. Qg1 Bc5 0-1

[Event "23rd Int. Tournament "]
[Site "?"]
[Date "2015.08.27"]
[Round "1.12"]
[White "Stamos, Filippos"]
[Black "Papadopoulos, Petros"]
[Result "1-0"]
[ECO "D15"]
[WhiteElo "2170"]
[BlackElo "1766"]
[PlyCount "71"]
[EventDate "2015.08.27"]
[TimeControl "120+18"]
[WhiteClock "0:00:04"]
[BlackClock "0:00:02"]

1. d4 d5 2. c4 c6 3. Nf3 Nf6 4. Nc3 a6 5. g3 Bg4 6. Ne5 Bh5 7. Qb3 Ra7 8. Bg2
e6 9. O-O Nbd7 10. e4 dxe4 11. Nxe4 Nxe4 12. Bxe4 Nxe5 13. dxe5 Bc5 14. Be3
Bxe3 15. Qxe3 Ra8 16. f3 Qc7 17. Rad1 Rd8 18. c5 Rxd1 19. Rxd1 Bg6 20. Bxg6
hxg6 21. Rd6 O-O 22. Kf2 Rb8 23. Qd4 Qa5 24. a3 Qb5 25. Rd7 Qb3 26. g4 Qc2+ 27.
Kg3 Qe2 28. f4 g5 29. fxg5 Qe1+ 30. Kf3 Qh1+ 31. Ke3 Qxh2 32. Kd3 Qg3+ 33. Kc2
Qh4 34. Rd8+ Rxd8 35. Qxd8+ Kh7 36. g6+ 1-0

[Event "23rd Int. Tournament "]
[Site "?"]
[Date "2015.08.28"]
[Round "2.1"]
[White "Kapnisis, Spyridon"]
[Black "Ornithopoulos, Nikolaos"]
[Result "1-0"]
[ECO "B27"]
[WhiteElo "2455"]
[BlackElo "1960"]
[PlyCount "91"]
[EventDate "2015.08.27"]
[TimeControl "120+20"]
[WhiteClock "0:00:08"]
[BlackClock "0:00:06"]

1. e4 c5 2. Nf3 g6 3. d4 cxd4 4. Qxd4 Nf6 5. Nc3 Nc6 6. Qa4 d6 7. e5 Ng4 8.
exd6 Qxd6 9. Bb5 Bg7 10. O-O O-O 11. h3 Nge5 12. Nxe5 Qxe5 13. Bf4 Qc5 14. Ne4
Qb6 15. c3 a6 16. Bc4 Qa5 17. Qxa5 Nxa5 18. Be2 e5 19. Be3 Be6 20. b3 Nc6 21.
Ng5 Rfe8 22. Rad1 Rad8 23. Nxe6 Rxd1 24. Rxd1 Rxe6 25. Bc4 Re7 26. Bc5 Rc7 27.
Bb6 Re7 28. Rd6 e4 29. Bxa6 Be5 30. Bxb7 Bxd6 31. Bxc6 Be5 32. Bxe4 Bxc3 33.
Bd5 Re1+ 34. Kh2 h5 35. h4 Ra1 36. a4 Bb4 37. g3 Kf8 38. Kg2 Ra2 39. Kf3 Ke7
40. Bc4 f6 41. Kf4 Bd2+ 42. Ke4 Kd6 43. Bf7 Rb2 44. Bd4 Ra2 45. Bxg6 Be1 46.
Kf3 1-0

[Event "23rd Int. Tournament "]
[Site "?"]
[Date "2015.08.28"]
[Round "2.2"]
[White "Mavrikakis, Georgios"]
[Black "Nikolaou, Georgios"]
[Result "0-1"]
[ECO "B47"]
[WhiteElo "1954"]
[BlackElo "2317"]
[PlyCount "86"]
[EventDate "2015.08.27"]
[TimeControl "120+22"]
[WhiteClock "0:00:12"]
[BlackClock "0:00:13"]

1. e4 c5 2. Nf3 e6 3. d4 cxd4 4. Nxd4 Nc6 5. Nc3 Qc7 6. g3 a6 7. Bg2 h5 8. Nb3
h4 9. Bf4 Ne5 10. Bxe5 Qxe5 11. Qd4 Qxd4 12. Nxd4 Bb4 13. O-O-O d6 14. Nb3 hxg3
15. hxg3 Rxh1 16. Bxh1 Bxc3 17. bxc3 Ke7 18. Na5 Nf6 19. Nc4 Ne8 20. Nb6 Rb8
21. f4 e5 22. f5 Bd7 23. Bf3 Bc6 24. Rh1 Nf6 25. Rh4 Rg8 26. Nd5+ Bxd5 27. exd5
Nd7 28. g4 Kf6 29. Kd2 Kg5 30. Rh1 Kf4 31. Be2 Nc5 32. Bd3 e4 33. Rf1+ Ke5 34.
Bc4 Rh8 35. f6 g6 36. Rf2 Rh3 37. Rg2 Na4 38. Bf1 Kxd5 39. g5 Rxc3 40. Rh2 Rc7
41. Rh4 Kd4 42. Bd3 d5 43. c4 Nb2 0-1

[Event "23rd Int. Tournament "]
[Site "?"]
[Date "2015.08.28"]
[Round "2.3"]
[White "Kotrotsos, Vasilios"]
[Black "Kaloskambis, Mihail"]
[Result "1-0"]
[ECO "D10"]
[WhiteElo "2273"]
[BlackElo "1944"]
[PlyCount "77"]
[EventDate "2015.08.27"]
[TimeControl "120+24"]
[WhiteClock "0:00:51"]
[BlackClock "0:00:11"]

1. d4 d5 2. c4 c6 3. Nc3 Nf6 4. Bg5 dxc4 5. a4 Qa5 6. Bd2 Qf5 7. e3 b5 8. axb5
cxb5 9. Qf3 Qxf3 10. Nxf3 Ba6 11. b3 b4 12. Nd1 c3 13. Bxa6 cxd2+ 14. Nxd2 Nxa6
15. Rxa6 Nd5 16. Nb2 Nc7 17. Ra5 e6 18. O-O Be7 19. Rfa1 a6 20. Nd3 Rb8 21. Ne4
Nb5 22. Rxa6 O-O 23. Nec5 Rfd8 24. f4 Bf6 25. Ne5 Bxe5 26. fxe5 Nc3 27. Kf2 g6
28. Rd6 Rdc8 29. Kf3 Nb5 30. Rd7 Na3 31. Ke4 Rc6 32. Rf1 Rf8 33. Rb7 Kg7 34.
Rxb4 Rc7 35. Rb6 Re8 36. Ra1 Ra7 37. Kd3 Rc8 38. Ra2 Rca8 39. Na4 1-0

[Event "23rd Int. Tournament "]
[Site "?"]
[Date "2015.08.28"]
[Round "2.4"]
[White "Hadzopoulos, Antonios"]
[Black "Simeonidis, Ioannis"]
[Result "0-1"]
[ECO "B12"]
[WhiteElo "1953"]
[BlackElo "2266"]
[PlyCount "96"]
[EventDate "2015.08.27"]
[TimeControl "120+16"]
[WhiteClock "0:00:12"]
[BlackClock "0:00:26"]

1. e4 c6 2. d4 d5 3. e5 Bf5 4. Nf3 e6 5. c4 Ne7 6. Nc3 Nd7 7. Bg5 h6 8. Be3
dxc4 9. Bxc4 Nb6 10. Bb3 Bh7 11. O-O Nf5 12. Qe2 Be7 13. Rad1 O-O 14. Bc1 Nd5
15. Nxd5 cxd5 16. a3 Qb6 17. Bc2 Rac8 18. Bb1 Rc4 19. Qd3 Bg6 20. Qd2 Nxd4 21.
Nxd4 Bxb1 22. b3 Rc7 23. Qb2 Be4 24. Be3 Qa5 25. b4 Qa4 26. Rc1 Rfc8 27. Rxc7
Rxc7 28. Rc1 Rxc1+ 29. Qxc1 Qd7 30. f3 Bd3 31. Qc3 Bc4 32. Kf2 Bh4+ 33. g3 Bd8
34. f4 Qa4 35. Nc2 a5 36. Bc5 axb4 37. Bxb4 Bb6+ 38. Kf3 Ba6 39. g4 Qb5 40. Kg3
Qd3+ 41. Qxd3 Bxd3 42. Na1 Bc4 43. Kf3 f6 44. Bd6 Kf7 45. Nc2 g5 46. Ne3 Bd3
47. Bb4 Be4+ 48. Ke2 gxf4 0-1

[Event "23rd Int. Tournament "]
[Site "?"]
[Date "2015.08.28"]
[Round "2.5"]
[White "Drakoulakos, Grigorios"]
[Black "Karakatsanis, Nikolaos"]
[Result "1/2-1/2"]
[ECO "A04"]
[WhiteElo "2233"]
[BlackElo "1919"]
[PlyCount "88"]
[EventDate "2015.08.27"]
[TimeControl "120+26"]
[WhiteClock "0:00:03"]
[BlackClock "0:00:13"]

1. Nf3 f5 2. e4 fxe4 3. Ng5 Nf6 4. d3 e6 5. dxe4 Nc6 6. Bd3 h6 7. Nf3 Bd6 8.
Nbd2 O-O 9. Nc4 Bc5 10. O-O d5 11. exd5 exd5 12. Nce5 Ng4 13. Ng6 Re8 14. Bf4
Bd6 15. Qd2 Nce5 16. Nfxe5 Nxe5 17. Rae1 Nxd3 18. Qxd3 Be6 19. Qg3 Bxf4 20.
Nxf4 Bf7 21. Nd3 Qd7 22. Qf4 c6 23. Qd4 Bg6 24. Ne5 Qe6 25. c3 Be4 26. f4 g5
27. Nf3 gxf4 28. Nd2 Qf5 29. g3 f3 30. Re3 Re6 31. Nxf3 Rae8 32. Nd2 Qg5 33.
Nxe4 Rxe4 34. Rxe4 dxe4 35. Qd7 Re7 36. Qc8+ Kg7 37. Qf8+ Kg6 38. Qg8+ Kh5 39.
h3 Rd7 40. Re1 Rd2 41. Rxe4 Rxb2 42. a4 Ra2 43. Rb4 b6 44. Re4 c5 1/2-1/2

[Event "23rd Int. Tournament "]
[Site "?"]
[Date "2015.08.28"]
[Round "2.6"]
[White "Anthopoulos, Hristos"]
[Black "Karagiannis, Athanasios"]
[Result "0-1"]
[ECO "C02"]
[WhiteElo "1946"]
[BlackElo "2232"]
[PlyCount "96"]
[EventDate "2015.08.27"]
[TimeControl "120+32"]
[WhiteClock "0:00:13"]
[BlackClock "0:00:22"]

1. e4 e6 2. d4 d5 3. e5 b6 4. Nf3 Qd7 5. Bd3 Ba6 6. O-O Bxd3 7. Qxd3 c5 8. c3
Nc6 9. Be3 f6 10. exf6 Nxf6 11. Bf4 Bd6 12. Bxd6 Qxd6 13. Re1 O-O 14. Nbd2 Rae8
15. Ne5 cxd4 16. cxd4 Rc8 17. a3 Qc7 18. Nxc6 Qxc6 19. Qh3 Ne4 20. Nxe4 dxe4
21. Qg4 Qc2 22. Qxe6+ Kh8 23. Rf1 Qxb2 24. Qxe4 Rxf2 25. Rxf2 Qxa1+ 26. Rf1
Qxa3 27. Qf5 Rd8 28. h3 h6 29. Re1 Qc3 30. Re4 a5 31. Qg6 Qc1+ 32. Kh2 Qc7+ 33.
Kg1 Rf8 34. Re8 Qc1+ 35. Kh2 Qf4+ 36. Kh1 Rxe8 37. Qxe8+ Kh7 38. Qd7 Qf1+ 39.
Kh2 b5 40. d5 a4 41. d6 Qf4+ 42. Kh1 b4 43. Qxa4 Qxd6 44. Qc2+ Qg6 45. Qb3 Qe4
46. Kg1 Qe1+ 47. Kh2 Qc3 48. Qf7 Qc2 0-1

[Event "23rd Int. Tournament "]
[Site "?"]
[Date "2015.08.28"]
[Round "2.7"]
[White "Sakaridis, Emmanouil"]
[Black "Tsiros, Fragkiskos Vlasios"]
[Result "0-1"]
[ECO "B08"]
[WhiteElo "1939"]
[BlackElo "2216"]
[PlyCount "66"]
[EventDate "2015.08.27"]
[TimeControl "120+14"]
[WhiteClock "0:00:01"]
[BlackClock "0:00:12"]

1. d4 d6 2. e4 Nf6 3. Nc3 g6 4. Be3 a6 5. a4 Bg7 6. h3 O-O 7. Nf3 Nc6 8. a5 e5
9. d5 Ne7 10. Bc4 Ne8 11. g4 f5 12. Ng5 h6 13. Ne6 Bxe6 14. dxe6 fxe4 15. Nxe4
d5 16. Bc5 Rf4 17. f3 c6 18. Bb3 Nc7 19. Bb6 Nc8 20. Be3 Qh4+ 21. Bf2 Qe7 22.
Nc5 Nxe6 23. Nxe6 Qxe6 24. Be3 Rf6 25. O-O Nd6 26. Ra4 Raf8 27. Kg2 Kh7 28. Qe2
g5 29. c4 e4 30. cxd5 cxd5 31. Qc2 Rxf3 32. Rxf3 Rxf3 33. Bxd5 Qxd5 0-1

[Event "23rd Int. Tournament "]
[Site "?"]
[Date "2015.08.28"]
[Round "2.8"]
[White "Zygouris, Hristos"]
[Black "Alexakis, Georgios"]
[Result "0-1"]
[ECO "A39"]
[WhiteElo "2210"]
[BlackElo "1907"]
[PlyCount "77"]
[EventDate "2015.08.27"]
[TimeControl "120+18"]
[WhiteClock "0:00:02"]
[BlackClock "0:00:14"]

1. Nf3 Nf6 2. g3 g6 3. Bg2 Bg7 4. c4 c5 5. Nc3 Nc6 6. d4 cxd4 7. Nxd4 Nxd4 8.
Qxd4 O-O 9. O-O d6 10. Qd3 a6 11. Be3 Bf5 12. Qd2 Qc7 13. b3 Rfc8 14. Rac1 Rab8
15. Ba7 Ra8 16. Bd4 Be6 17. f4 Rab8 18. e4 Qa5 19. f5 Bd7 20. Qe2 Bc6 21. e5
dxe5 22. Bxe5 Qc5+ 23. Kh1 Bxg2+ 24. Kxg2 Ra8 25. fxg6 hxg6 26. Bxf6 Bxf6 27.
Nd5 Rc6 28. Qf3 Rf8 29. Rce1 Kg7 30. h4 b5 31. Nxe7 Bxe7 32. Rxe7 Qxe7 33. Qxc6
Rd8 34. cxb5 axb5 35. a4 bxa4 36. bxa4 Rd2+ 37. Rf2 Rxf2+ 38. Kxf2 Qb4 39. Qb5
0-1

[Event "23rd Int. Tournament "]
[Site "?"]
[Date "2015.08.28"]
[Round "2.9"]
[White "Alexakis, Dimitrios"]
[Black "Katopodis, Dimitrios"]
[Result "1-0"]
[ECO "C47"]
[WhiteElo "2197"]
[BlackElo "1905"]
[PlyCount "85"]
[EventDate "2015.08.27"]
[TimeControl "120+18"]
[WhiteClock "0:00:18"]
[BlackClock "0:00:19"]

1. e4 e5 2. Nf3 Nc6 3. d4 exd4 4. Nxd4 Nf6 5. Nc3 Bb4 6. Nxc6 bxc6 7. Bd3 d5 8.
exd5 cxd5 9. O-O O-O 10. Bg5 c6 11. Ne2 Bd6 12. Nd4 Bd7 13. Qf3 h6 14. Bxf6
Qxf6 15. Qxf6 gxf6 16. Bf5 c5 17. Bxd7 cxd4 18. Rad1 Bc5 19. c3 Rfd8 20. cxd4
Bxd4 21. Rxd4 Rxd7 22. Rc1 Re8 23. Kf1 Re4 24. Rxe4 dxe4 25. Ke2 Rd5 26. b4 Kg7
27. Rc5 Rd4 28. a3 Kg6 29. g4 Rd6 30. Ra5 a6 31. Ke3 Re6 32. Rc5 Kg7 33. h4 Kg6
34. h5+ Kg7 35. Rc4 Kf8 36. Rxe4 Rd6 37. Rc4 Ke7 38. a4 Rd1 39. Rc6 Rb1 40. Rb6
Kd7 41. f3 Re1+ 42. Kf4 Rb1 43. Kf5 1-0

[Event "23rd Int. Tournament "]
[Site "?"]
[Date "2015.08.28"]
[Round "2.10"]
[White "Santorinaios, Hristodoulos"]
[Black "Stamos, Filippos"]
[Result "0-1"]
[ECO "E11"]
[WhiteElo "1919"]
[BlackElo "2170"]
[PlyCount "86"]
[EventDate "2015.08.27"]
[TimeControl "120+16"]
[WhiteClock "0:00:17"]
[BlackClock "0:00:31"]

1. d4 Nf6 2. c4 e6 3. g3 Bb4+ 4. Bd2 Qe7 5. Bg2 Nc6 6. Nf3 Bxd2+ 7. Nbxd2 d6 8.
O-O a5 9. Rc1 O-O 10. e4 e5 11. d5 Nb8 12. h3 Na6 13. Re1 Nc5 14. Re3 Bd7 15.
Qe1 c6 16. b3 b5 17. Nh4 g6 18. f4 Nh5 19. Qf2 f6 20. f5 g5 21. Nhf3 bxc4 22.
bxc4 Rfb8 23. Rc2 cxd5 24. cxd5 Ba4 25. Rc1 Rb2 26. a3 Qa7 27. Rec3 Rab8 28.
Kh2 Ra2 29. Rxc5 dxc5 30. Qxc5 Qxc5 31. Rxc5 Rbb2 32. Rc8+ Kf7 33. Rc7+ Kf8 34.
Rxh7 Ng7 35. Rh8+ Kf7 36. Ra8 Bd1 37. d6 Bxf3 38. Nxf3 Rxg2+ 39. Kh1 Nh5 40.
Ra7+ Ke8 41. Ra8+ Kd7 42. Ra7+ Kxd6 43. Ra6+ Kc7 0-1

[Event "23rd Int. Tournament "]
[Site "?"]
[Date "2015.08.28"]
[Round "2.11"]
[White "Grigoriadis, Alexandros"]
[Black "Hrisafis, Argirios"]
[Result "1-0"]
[ECO "E65"]
[WhiteElo "2153"]
[BlackElo "1884"]
[PlyCount "25"]
[EventDate "2015.08.27"]
[TimeControl "120+13"]
[WhiteClock "0:01:15"]
[BlackClock "0:00:51"]

1. c4 c5 2. Nf3 Nf6 3. b3 g6 4. Bb2 Bg7 5. g3 Nc6 6. Bg2 O-O 7. O-O d6 8. d4
cxd4 9. Nxd4 Qc7 10. Nc3 a6 11. Rc1 Nxd4 12. Qxd4 Ng4 13. Qxg7+ 1-0